 Dungeon Crawl Stone Soup version 0.25-a0-782-g655279ceaa (webtiles) character file.

Game seed: 3924060029833511983, levelgen mode: deterministic

8932 MisterFreud the Blocker (level 11, -6/89 HPs)
             Began as a Gnoll Fighter on Apr 16, 2020.
             Was a Follower of Ashenzari.
             Mangled by a two-headed ogre
             ... wielding a cursed +0 giant club
              (11 damage)
             ... on level 9 of the Dungeon.
             The game lasted 00:19:32 (10729 turns).

MisterFreud the Blocker (Gnoll Fighter)            Turns: 10729, Time: 00:19:33

Health: -6/89      AC: 21    Str: 13    XL:     11   Next: 38%
Magic:  18/18      EV: 16    Int: 14    God:    Ashenzari [*.....]
Gold:   453        SH: 12    Dex: 15    Spells: 22/22 levels left

rFire    . . .     SeeInvis .   O - +2 trident (freeze) (curse)
rCold    . . .     Gourm    +   c - +1 kite shield (curse)
rNeg     . . .     Faith    .   U - +8 scale mail "Hutet" {rPois rCorr Str-5}
rPois    +         Spirit   .   (no helmet)
rElec    .         Reflect  .   B - +1 cloak
rCorr    +         Harm     .   j - +1 pair of gloves
MR       .....                  (no boots)
Stlth    +.........             z - amulet of the gourmand (curse)
HPRegen  0.24/turn              P - +5 ring of evasion
MPRegen  0.16/turn              H - ring of attention (curse)

@: no status effects
A: distributed training, claws 1, fangs 1, low mp 1, subdued magic 1, strong
nose
a: Curse Item, Scrying, Renounce Religion


You were on level 9 of the Dungeon.
You worshipped Ashenzari.
Ashenzari was aware of your devotion.
You were completely stuffed.

You visited 2 branches of the dungeon, and saw 10 of its levels.
You also visited: Sewer.

You collected 776 gold pieces.
You spent 323 gold pieces at shops.

Inventory:

Hand Weapons
 a - a +0 rapier
 O - a cursed +2 trident of freezing (weapon)
Missiles
 d - 11 boomerangs
 e - 394 stones (quivered)
 h - 262 arrows
 y - 88 poisoned darts
 L - 22 sling bullets
 S - 17 bolts
Armour
 c - a cursed +1 kite shield (worn)
 j - a +1 pair of gloves (worn)
 B - a +1 cloak (worn)
 I - a +0 plate armour
 U - the +8 scale mail "Hutet" (worn) {rPois rCorr Str-5}
   (You bought it in a shop on level 8 of the Dungeon)

   It affects your strength (-5).
   It protects you from poison.
   It provides partial protection from all sources of acid and corrosion.
 X - the cursed +0 robe "Tikiem" {rElec rPois}
   (You bought it in a shop on level 8 of the Dungeon)

   It insulates you from electricity.
   It protects you from poison.
   It has a curse placed upon it.
Jewellery
 k - an uncursed amulet of magic regeneration
 n - an uncursed ring of poison resistance
 q - an uncursed ring of see invisible
 z - a cursed amulet of the gourmand (around neck)
 G - an uncursed ring of positive energy
 H - a cursed ring of attention (right hand)
 P - a +5 ring of evasion (left hand)
 Q - a +3 ring of strength
 R - a +1 ring of evasion
 Z - an uncursed ring of protection from magic
Wands
 l - a wand of flame (21)
 w - a wand of random effects (11)
 F - a wand of disintegration (6)
 V - a wand of polymorph (11)
 W - a wand of iceblast (15)
Scrolls
 b - a scroll of fear
 p - 2 scrolls of blinking {unknown}
 r - 5 scrolls of teleportation
 C - 4 scrolls of enchant weapon {unknown}
 D - a scroll of immolation {unknown}
 K - a scroll of fog {unknown}
 M - 2 scrolls of noise {unknown}
 N - 2 scrolls of amnesia
 T - 2 scrolls of identify
 Y - 2 scrolls of enchant armour
Potions
 g - 4 potions of flight
 i - a potion of lignification
 m - 5 potions of curing
 s - 7 potions of brilliance
 t - a potion of mutation
 u - a potion of haste
 v - a potion of heal wounds
 x - 3 potions of resistance
 E - a potion of berserk rage {unknown}
 J - 2 potions of invisibility
Comestibles
 f - 20 rations
 o - 2 chunks of flesh


   Skills:
 + Level 9.1 Fighting
 + Level 7.7 Short Blades
 + Level 6.1 Long Blades
 + Level 6.1 Axes
 + Level 6.1 Maces & Flails
 + Level 6.1 Polearms
 + Level 6.1 Staves
 + Level 6.1 Slings
 + Level 6.1 Bows
 + Level 6.1 Crossbows
 + Level 6.1 Throwing
 + Level 9.1 Armour
 + Level 6.1 Dodging
 + Level 6.1 Stealth
 + Level 9.1 Shields
 + Level 6.1 Unarmed Combat
 + Level 6.1 Spellcasting
 + Level 5.1 Conjurations
 + Level 5.1 Hexes
 + Level 5.1 Charms
 + Level 5.1 Summonings
 + Level 5.1 Necromancy
 + Level 5.1 Translocations
 + Level 5.1 Transmutations
 + Level 5.1 Fire Magic
 + Level 5.1 Ice Magic
 + Level 5.1 Air Magic
 + Level 5.1 Earth Magic
 + Level 5.1 Poison Magic
 + Level 6.7 Invocations
 + Level 6.1 Evocations


You had 22 spell levels left.
You didn't know any spells.
Your spell library contained the following spells:

 Spells                   Type           Power        Failure   Level  Hunger
 Animate Skeleton         Necr           N/A          13%         1    None
 Apportation              Tloc           ##....       13%         1    None
 Corona                   Hex            ##.....      13%         1    None
 Magic Dart               Conj           ##..         13%         1    None
 Pain                     Necr           ##..         13%         1    None
 Summon Small Mammal      Summ           ##..         13%         1    None
 Corpse Rot               Necr/Air       N/A          19%         2    #......
 Searing Ray              Conj           ##....       19%         2    #......
 Swiftness                Chrm/Air       ##......     19%         2    #......
 Dazzling Flash           Conj/Hex       ##....       36%         3    ###....
 Frozen Ramparts          Ice            ##....       36%         3    ###....
 Static Discharge         Conj/Air       ##......     36%         3    ###....
 Vampiric Draining        Necr           ##........   36%         3    ###....
 Animate Dead             Necr           N/A          80%         4    ####...
 Fulminant Prism          Conj/Hex       ##........   80%         4    ####...
 Iskenderun's Mystic Bla  Conj/Tloc      ##......     80%         4    ####...
 Agony                    Necr           ##......     98%         5    ######.
 Lightning Bolt           Conj/Air       ##........   98%         5    ######.
 Metabolic Englaciation   Hex/Ice        ##........   98%         5    ######.


Dungeon Overview and Level Annotations

Branches:
Dungeon (9/15)             Temple (1/1) D:6           Sewer (visited)
   Lair: D:8-11         Orc: D:9-12

Altars:
Ashenzari
Cheibriados
Dithmenos
Elyvilon
Fedhas
Gozag
Kikubaaqudgha
Makhleb
Nemelex Xobeh
Okawaru
Qazlal
Ru
Sif Muna
Wu Jian
The Shining One

Shops:
D:4 =   D:8 [


Innate Abilities, Weirdness & Mutations

Your experience applies equally to all skills.
You have very sharp teeth.
Your uncanny sense of smell can sniff out nearby items.
You have sharp fingernails.
Your magical capacity is low. (-10% MP)
Your spells are a little easier to cast, but a little less powerful.


Message History

The two-headed ogre is heavily wounded.
You block the two-headed ogre's attack.
The two-headed ogre hits you with a +0 giant spiked club.
You barely miss the two-headed ogre. Your bite misses the two-headed ogre.
The two-headed ogre is heavily wounded.
You hit the two-headed ogre but do no damage.
The two-headed ogre is heavily wounded.
The two-headed ogre hits you with a cursed +0 giant club!
The two-headed ogre hits you with a +0 giant spiked club!!
* * * LOW HITPOINT WARNING * * *
You hit the two-headed ogre. You freeze the two-headed ogre.
The two-headed ogre is severely wounded.
The two-headed ogre hits you with a cursed +0 giant club.
* * * LOW HITPOINT WARNING * * *
The two-headed ogre hits you with a +0 giant spiked club.
* * * LOW HITPOINT WARNING * * *
You hit the two-headed ogre. You freeze the two-headed ogre.
The two-headed ogre is severely wounded.
The two-headed ogre hits you with a cursed +0 giant club!
You die...

.#...†.(....##.......#
###)..[...<.###.####.#
....###...###.).## #.#
.....#.....##....# #.#
..#..#..#...#....# #.#
..#######.[......# #.#
..# ∆ #.....)..###.#
... #.........####..#
....###........O@...##
###......###.......##
...... #......###
∆.#..#. #..#...#
#####..#######.)##
.#..#..#..#..#..#
)#........#....##
###......###...#
....###........#######


You could see a two-headed ogre.

Vanquished Creatures
  A two-headed ogre (D:9)
  An unseen horror (D:9)
  A cyclops (D:9)
  An efreet (D:9)
  A troll (D:8)
  Grinder (D:6)
  2 hippogriffs
  A spriggan (D:7)
  6 yaks (D:8)
  A hungry ghost (D:9)
  A water moccasin (D:9)
  Duvessa (D:4)
  6 orc warriors
  5 sky beasts
  4 ogres
  An eye of draining (D:9)
  3 ice beasts
  A black bear (D:8)
  A phantom (D:8)
  3 centaurs (D:9)
  2 big kobolds
  4 bullfrogs
  3 scorpions
  Dowan (D:4)
  10 killer bees
  A howler monkey (D:9)
  A centaur zombie (D:9)
  6 crimson imps
  A lava snake (D:7)
  A bullfrog zombie (D:6)
  Crazy Yiuf (D:7)
  9 hounds
  A jelly (D:7)
  8 orc priests
  12 orc wizards
  Ijyb (D:3)
  3 centaur skeletons
  3 iguanas
  4 worker ants
  A killer bee zombie (D:8)
  A worker ant zombie (D:7)
  6 gnolls
  A howler monkey skeleton (D:5)
  10 adders
  2 river rats (Sewer)
  2 shadow imps (D:6)
  2 adder skeletons
  6 worms
  10 dart slugs (D:5)
  3 leopard geckos
  42 orcs
  2 ball pythons
  7 bats
  3 giant cockroaches
  9 goblins
  4 hobgoblins
  9 jackals
  2 quokkas
  7 frilled lizards
  16 kobolds
  A leopard gecko skeleton (D:7)
  8 rats
268 creatures vanquished.

Vanquished Creatures (others)
  A centaur skeleton (D:9)
  A hound zombie (D:9)
  An adder zombie (D:9)
3 creatures vanquished.

Grand Total: 271 creatures vanquished

Notes
Turn   | Place    | Note
-------+----------+-------------------------------------------
     0 | D:1      | MisterFreud the Gnoll Fighter began the quest for the Orb.
     0 | D:1      | Reached XP level 1. HP: 23/23 MP: 1/1
    25 | D:1      | Reached XP level 2. HP: 26/29 MP: 2/2
    86 | D:1      | You fall into a shaft and drop 1 floor!
   190 | D:2      | Reached XP level 3. HP: 22/35 MP: 3/3
   300 | D:2      | Found a faded altar of an unknown god.
   764 | D:2      | Reached skill level 1 in Invocations
   801 | D:2      | Found a burning altar of Makhleb.
   980 | D:2      | Reached skill level 1 in Long Blades
   980 | D:2      | Reached skill level 1 in Axes
   980 | D:2      | Reached skill level 1 in Maces & Flails
   980 | D:2      | Reached skill level 1 in Polearms
   980 | D:2      | Reached skill level 1 in Staves
   980 | D:2      | Reached skill level 1 in Slings
   980 | D:2      | Reached skill level 1 in Bows
   980 | D:2      | Reached skill level 1 in Crossbows
   980 | D:2      | Reached skill level 1 in Throwing
   980 | D:2      | Reached skill level 1 in Dodging
   980 | D:2      | Reached skill level 1 in Stealth
   980 | D:2      | Reached skill level 1 in Unarmed Combat
   980 | D:2      | Reached skill level 1 in Spellcasting
   980 | D:2      | Reached skill level 1 in Evocations
  1013 | D:2      | Reached XP level 4. HP: 41/41 MP: 5/5
  1387 | D:2      | Found a shimmering blue altar of Sif Muna.
  1703 | D:3      | Reached skill level 1 in Conjurations
  1703 | D:3      | Reached skill level 1 in Hexes
  1703 | D:3      | Reached skill level 1 in Charms
  1703 | D:3      | Reached skill level 1 in Summonings
  1703 | D:3      | Reached skill level 1 in Necromancy
  1703 | D:3      | Reached skill level 1 in Translocations
  1703 | D:3      | Reached skill level 1 in Transmutations
  1703 | D:3      | Reached skill level 1 in Fire Magic
  1703 | D:3      | Reached skill level 1 in Ice Magic
  1703 | D:3      | Reached skill level 1 in Air Magic
  1703 | D:3      | Reached skill level 1 in Earth Magic
  1703 | D:3      | Reached skill level 1 in Poison Magic
  1912 | D:3      | Reached XP level 5. HP: 42/47 MP: 5/7
  1996 | D:3      | Noticed Ijyb
  2041 | D:3      | Killed Ijyb
  2327 | D:3      | Reached XP level 6. HP: 43/53 MP: 8/8
  2816 | D:4      | Found a glowing drain.
  2871 | Sewer    | Entered a sewer
  2988 | Sewer    | Reached skill level 5 in Short Blades
  3020 | Sewer    | Found a white marble altar of Elyvilon.
  3302 | D:4      | Found Volaner's Jewellery Boutique.
  3453 | D:4      | Noticed Dowan
  3468 | D:4      | Killed Dowan
  3537 | D:4      | Noticed Duvessa
  3618 | D:4      | Killed Duvessa
  3618 | D:4      | Reached XP level 7. HP: 30/60 MP: 10/10
  3796 | D:4      | Found an iron altar of Okawaru.
  3880 | D:5      | Entered Level 5 of the Dungeon
  4616 | D:5      | Reached XP level 8. HP: 35/67 MP: 12/12
  5535 | D:6      | Found a staircase to the Ecumenical Temple.
  5545 | D:6      | Noticed Grinder
  5547 | Temple   | Entered the Ecumenical Temple
  5623 | Temple   | Became a worshipper of Ashenzari the Shackled
  5667 | D:6      | Paralysed by Grinder for 4 turns
  5673 | D:6      | Killed Grinder
  6016 | D:6      | Reached XP level 9. HP: 68/72 MP: 14/14
  7405 | D:7      | Found a blossoming altar of Fedhas.
  7706 | D:7      | Found a runed translucent door.
  7707 | D:7      | Noticed Crazy Yiuf
  7769 | D:7      | Killed Crazy Yiuf
  7786 | D:8      | Reached * piety under Ashenzari
  7876 | D:8      | Found a sparkling altar of Nemelex Xobeh.
  7955 | D:8      | Reached skill level 5 in Invocations
  8087 | D:8      | Reached XP level 10. HP: 75/80 MP: 15/17
  8169 | D:8      | Found a glowing golden altar of the Shining One.
  8484 | D:8      | Found Ciuhau's Antique Armour Shoppe.
  8487 | D:8      | Bought a transparent scale mail for 198 gold pieces
  8487 | D:8      | Bought a wizard robe for 125 gold pieces
  8497 | D:8      | Identified the +8 scale mail "Hutet" {rPois rCorr Str-5}
                  | (You bought it in a shop on level 8 of the Dungeon)
  8605 | D:8      | Reached skill level 5 in Long Blades
  8605 | D:8      | Reached skill level 5 in Axes
  8605 | D:8      | Reached skill level 5 in Maces & Flails
  8605 | D:8      | Reached skill level 5 in Polearms
  8605 | D:8      | Reached skill level 5 in Staves
  8605 | D:8      | Reached skill level 5 in Slings
  8605 | D:8      | Reached skill level 5 in Bows
  8605 | D:8      | Reached skill level 5 in Crossbows
  8605 | D:8      | Reached skill level 5 in Throwing
  8605 | D:8      | Reached skill level 5 in Dodging
  8605 | D:8      | Reached skill level 5 in Stealth
  8605 | D:8      | Reached skill level 5 in Unarmed Combat
  8605 | D:8      | Reached skill level 5 in Spellcasting
  8605 | D:8      | Reached skill level 5 in Evocations
  8996 | D:9      | Noticed a two-headed ogre
  9002 | D:9      | Killed a two-headed ogre
  9056 | D:9      | Noticed an unseen horror
  9065 | D:9      | Killed an unseen horror
  9135 | D:9      | Noticed a cyclops
  9279 | D:9      | Killed a cyclops
  9279 | D:9      | Reached XP level 11. HP: 43/87 MP: 19/19
 10044 | D:9      | Reached skill level 5 in Conjurations
 10044 | D:9      | Reached skill level 5 in Hexes
 10044 | D:9      | Reached skill level 5 in Charms
 10044 | D:9      | Reached skill level 5 in Summonings
 10044 | D:9      | Reached skill level 5 in Necromancy
 10044 | D:9      | Reached skill level 5 in Translocations
 10044 | D:9      | Reached skill level 5 in Transmutations
 10044 | D:9      | Reached skill level 5 in Fire Magic
 10044 | D:9      | Reached skill level 5 in Ice Magic
 10044 | D:9      | Reached skill level 5 in Air Magic
 10044 | D:9      | Reached skill level 5 in Earth Magic
 10044 | D:9      | Reached skill level 5 in Poison Magic
 10226 | D:9      | Gained mutation: Your magical capacity is low. (-10% MP)
                  | [potion of mutation]
 10226 | D:9      | Gained mutation: Your spells are a little easier to cast,
                  | but a little less powerful. [potion of mutation]
 10226 | D:9      | Gained mutation: You have sharp fingernails. [potion of
                  | mutation]
 10291 | D:9      | Noticed a two-headed ogre
 10661 | D:9      | Identified the Incunabulum of Space
 10729 | D:9      | Mangled by a two-headed ogre

Levels and vault maps discovered:
D:1:      saegor_arrival_simple_c, layout_rooms
D:2:      minmay_inner_zag, layout_basic, led_sif_pool, marbit_many_paths,
          chequers_ecumenical_altar_island
D:3:      layout_basic, minmay_three_crescents, uniq_ijyb
D:4:      layout_basic, okawaru_altar_gauntlet_db, cheibrodos_sewer_entry_bend,
          serial_shops, shop_fountains, first_ration, uniq_duvessa
D:5:      kennysheep_slugbush, layout_basic
D:6:      layout_cave_pods, minmay_temple_entry_sparse_star, lightli_minifort,
          uniq_grinder
D:7:      layout_basic, kennysheep_little_box, the_bakery,
          minmay_misc_feat_plants, kennysheep_dice, uniq_crazy_yiuf_cottage
D:8:      layout_loops_ring, nemelex_xobeh_ov_fountains_minmay,
          tso_oasis_becter, serial_shops, kennysheep_mini, minivault_26,
          st_stairs_10
D:9:      hangedman_cross_cluster, layout_rooms
Temple:   eino_temple_scatter_basement

Skill      XL: |  1  2  3  4  5  6  7  8  9 10 11 |
---------------+----------------------------------+-----
Invocations    | 1 2 3 4 5 6 |  6.7
Long Blades    | 1 2 3 4 5 6 |  6.1
Axes           | 1 2 3 4 5 6 |  6.1
Maces & Flails | 1 2 3 4 5 6 |  6.1
Polearms       | 1 2 3 4 5 6 |  6.1
Staves         | 1 2 3 4 5 6 |  6.1
Slings         | 1 2 3 4 5 6 |  6.1
Bows           | 1 2 3 4 5 6 |  6.1
Crossbows      | 1 2 3 4 5 6 |  6.1
Throwing       | 1 2 3 4 5 6 |  6.1
Dodging        | 1 2 3 4 5 6 |  6.1
Stealth        | 1 2 3 4 5 6 |  6.1
Unarmed Combat | 1 2 3 4 5 6 |  6.1
Spellcasting   | 1 2 3 4 5 6 |  6.1
Evocations     | 1 2 3 4 5 6 |  6.1
Conjurations   | 1 2 3 4 5 |  5.1
Hexes          | 1 2 3 4 5 |  5.1
Charms         | 1 2 3 4 5 |  5.1
Summonings     | 1 2 3 4 5 |  5.1
Necromancy     | 1 2 3 4 5 |  5.1
Translocations | 1 2 3 4 5 |  5.1
Transmutations | 1 2 3 4 5 |  5.1
Fire Magic     | 1 2 3 4 5 |  5.1
Ice Magic      | 1 2 3 4 5 |  5.1
Air Magic      | 1 2 3 4 5 |  5.1
Earth Magic    | 1 2 3 4 5 |  5.1
Poison Magic   | 1 2 3 4 5 |  5.1
Short Blades   | 5 6 7 |  7.7
Fighting       | 7 8 9 |  9.1
Armour         | 7 8 9 |  9.1
Shields        | 7 8 9 |  9.1

Action                   |  1- 3 |  4- 6 |  7- 9 | 10-12 || total
-------------------------+-------+-------+-------+-------++-------
Melee: Rapier            |    67 |       |    30 |       ||    97
       Bite              |     8 |    37 |   119 |    51 ||   215
       Dagger            |    38 |   282 |   644 |       ||   964
       Trident           |       |       |   157 |   513 ||   670
Invok: Curse Item        |       |       |     1 |     1 ||     2
Evoke: Wand              |       |       |       |     3 ||     3
  Use: Scroll            |     4 |     2 |     2 |       ||     8
       Potion            |       |       |     1 |     6 ||     7
  Eat: Chunk             |       |    25 |    20 |    20 ||    65
Armor: Scale mail        |    23 |    22 |       |   172 ||   217
       Chain mail        |       |    36 |    72 |       ||   108
       Plate armour      |       |       |   232 |    17 ||   249
       Skin              |       |       |       |     4 ||     4
Dodge: Dodged            |    25 |    40 |   122 |   241 ||   428
Block: Kite shield       |    47 |   122 |   360 |   352 ||   881

Table legend:
 A = Non-vault XP
 B = Vault XP
 C = Vault XP percentage of total XP
 D = Non-vault monster count
 E = Vault monster count
 F = Vault count percentage of total count
                 A         B        C        D         E       F
            +---------+---------+-------+---------+---------+-------
      Total |    8840 |    3920 |  30.7 |     197 |      71 |  26.5
            +---------+---------+-------+---------+---------+-------
        D:1 |      36 |       0 |   0.0 |      15 |       0 |   0.0
        D:2 |      70 |       6 |   7.9 |      21 |       6 |  22.2
        D:3 |     177 |      51 |  22.4 |      16 |       5 |  23.8
        D:4 |      55 |     252 |  82.1 |       4 |      10 |  71.4
        D:5 |     721 |      40 |   5.3 |      15 |      10 |  40.0
        D:6 |     598 |     456 |  43.3 |      19 |       4 |  17.4
        D:7 |     675 |     543 |  44.6 |      26 |       4 |  13.3
        D:8 |    3238 |     464 |  12.5 |      50 |       3 |   5.7
        D:9 |    3228 |    1972 |  37.9 |      29 |      17 |  37.0
     Temple |      42 |       0 |   0.0 |       2 |       0 |   0.0
      Sewer |       0 |     136 | 100.0 |       0 |      12 | 100.0
            +---------+---------+-------+---------+---------+-------
